 Dungeon Crawl Stone Soup version 0.29.0-4-gdea44cf6ec (webtiles) character file.

Game seed: 2238070500681878683

105 qw the Chopper (level 4, -2/26 HPs)
             Began as a Tengu Warper on Aug 28, 2022.
             Slain by Natasha (6 damage)
             ... on level 2 of the Dungeon.
             The game lasted 00:00:11 (2206 turns).

qw the Chopper (Tengu Warper)                       Turns: 2206, Time: 00:00:12

Health: -2/26      AC:  6    Str: 14    XL:     4   Next: 81%
Magic:  8/8        EV:  7    Int: 13    God:
Gold:   98         SH:  7    Dex: 13    Spells: 7/7 levels left

rFire   . . .      SeeInvis .   Y - +0 hand axe
rCold   . . .      Faith    .   h - +0 kite shield
rNeg    . . .      Spirit   .   b - +0 scale mail
rPois   .          Reflect  .   (helmet restricted)
rElec   .          Harm     .   (no cloak)
rCorr   .          Rampage  .   (no gloves)
Will    .....                   (boots unavailable)
Stlth   ..........              (no amulet)
HPRegen 0.08/turn               (no ring)
MPRegen 0.11/turn               (no ring)

@: no status effects
A: beak, talons 3
a: no special abilities


You were on level 2 of the Dungeon.
You visited 1 branch of the dungeon, and saw 2 of its levels.

You collected 98 gold pieces.


Innate Abilities, Weirdness & Mutations

You have a beak for a mouth.
You have claws for feet.


   Skills:
 - Level 2.0 Fighting
 - Level 5.0 Axes
 - Level 1.0 Throwing
 - Level 1.1 Armour
 - Level 2.1 Dodging
 + Level 1.2 Shields
 - Level 2.0 Spellcasting
 - Level 2.4 Translocations


You had 7 spell levels left.
You didn't know any spells.
Your spell library contained the following spells:

 Spells                   Type           Power      Damage    Failure   Level
 Blink                    Tloc           14%        N/A       91%         2
 Gell's Gravitas          Tloc           7%         N/A       99%         3
 Lesser Beckoning         Tloc           7%         N/A       99%         3
 Teleport Other           Tloc           7%         N/A       99%         3
 Manifold Assault         Tloc           7%         N/A       100%        5

Inventory:

Hand Weapons
 c - a +0 mace
 Y - a +0 hand axe (weapon)
Armour
 b - a +0 scale mail (worn)
 h - a +0 kite shield (worn)
Scrolls
 a - a scroll of identify
Potions
 f - a potion of might
 i - a potion of haste {unknown}
 j - 2 potions of lignification {unknown}

Dungeon Overview and Level Annotations

Branches:
Dungeon (2/15)

Altars:

Annotations:
D:2 Natasha


Message History

The gnoll shouts!
Natasha, Servant of Life and Death comes into view.
Enter note:
Enter note:
2188 ||| Stepping ~*~*~tactically~*~*~ (stealth).
You barely miss the gnoll. You peck the gnoll.
The gnoll is moderately wounded.
You block the gnoll's attack. The gnoll closely misses you.
You hit the gnoll but do no damage. You claw the gnoll.
Your peck misses the gnoll.
The gnoll is moderately wounded.
The gnoll hits you with a +0 whip.
You hit the gnoll but do no damage. You peck the gnoll.
The gnoll is severely wounded.
You block the gnoll's attack.
2195 ||| Stepping ~*~*~tactically~*~*~ (stealth).
You barely miss the gnoll. You claw the gnoll.
The gnoll is almost dead.
The gnoll hits you with a +0 whip.
You hit the gnoll but do no damage. You claw the gnoll, but do no damage.
The gnoll is almost dead.
The gnoll hits you with a +0 whip. x2
You hit the gnoll.
You kill the gnoll!
Your Shields skill increases to level 1!
You start resting.
Natasha is nearby!
Natasha hisses angrily.
You see here a +0 whip.
Natasha claws you.
You hit Natasha.
Natasha is moderately wounded.
Natasha claws you.
You hit Natasha but do no damage.
Natasha is moderately wounded.
You block Natasha's attack.
You hit Natasha.
Natasha is heavily wounded.
Natasha claws you.
You die...

#.# #.# #.# #.. #.# #. #.#
#.# #. ..# #.# #..#<# #.#
#..#.# #.#####.#
#..#.########........
#..h@)........#####.#
##...>..............#
###.########.#.##### #####
#.# #.#.##### ##...## #.#
###.#......
########(....###.#
#...).#####
..............<..######.#.#)#
########.....#####........#.#
##...#####...###.###.#


You could see Natasha.

Vanquished Creatures
  Jessica (D:2)
  3 gnolls (D:2)
  4 ball pythons
  6 endoplasms
  2 giant cockroaches
  4 hobgoblins
  4 jackals (D:1)
  3 quokkas
  5 bats
  6 frilled lizards
  6 goblins
  4 rats
48 creatures vanquished.

Vanquished Creatures (others)
  9 toadstools (D:2)
9 creatures vanquished.

Grand Total: 57 creatures vanquished

Notes
Turn   | Place    | Note
-------+----------+-------------------------------------------
     0 | D:1      | qw the Tengu Warper began the quest for the Orb.
     0 | D:1      | Reached XP level 1. HP: 12/12 MP: 4/4
     0 | D:1      | 0 ||| qw: Version: 0.1-a-89-g26bdef1
     0 | D:1      | 0 ||| qw: Game counter: 1367
     0 | D:1      | 0 ||| qw: Always use a shield: true
     0 | D:1      | 0 ||| qw: God list: Okawaru
     0 | D:1      | 0 ||| qw: Allow faded altars: false
     0 | D:1      | 0 ||| qw: Do Orc after D:15 true
     0 | D:1      | 0 ||| qw: Do second Lair branch before Depths: true
     0 | D:1      | 0 ||| qw: Lair rune preference: random
     0 | D:1      | 0 ||| qw: Plans: Normal
     0 | D:1      | 0 ||| PLANNING D:1-11
    34 | D:1      | 34 ||| Stepping ~*~*~tactically~*~*~ (stealth).
    77 | D:1      | 77 ||| Stepping ~*~*~tactically~*~*~ (stealth).
    78 | D:1      | 78 ||| Stepping ~*~*~tactically~*~*~ (stealth).
    87 | D:1      | Reached XP level 2. HP: 9/17 MP: 6/6
   262 | D:1      | Reached skill level 3 in Axes
   789 | D:1      | 789 ||| Stepping ~*~*~tactically~*~*~ (stealth).
   801 | D:1      | Reached XP level 3. HP: 10/21 MP: 7/7
  1299 | D:1      | 1299 ||| UPGRADING to +0 ring mail.
  1309 | D:1      | 1309 ||| DROPPING +0 leather armour.
  1310 | D:1      | 1310 ||| READING 3 scrolls labelled EKAFEL KOLITZUO.
  1311 | D:1      | 1311 ||| READING 2 scrolls of identify.
  1311 | D:1      | 1311 ||| IDENTIFYING fizzy white potion
  1312 | D:1      | 1312 ||| DROPPING scroll of blinking.
  1355 | D:2      | Reached skill level 4 in Axes
  1415 | D:2      | Noticed Jessica
  1416 | D:2      | 1416 ||| Stepping ~*~*~tactically~*~*~ (hiding).
  1423 | D:2      | Killed Jessica
  1424 | D:2      | Reached XP level 4. HP: 18/26 MP: 8/8
  1544 | D:2      | 1544 ||| DROPPING +0 club.
  1594 | D:2      | Found a faded altar of an unknown god.
  1731 | D:2      | 1731 ||| Stepping ~*~*~tactically~*~*~ (stealth).
  1863 | D:2      | 1863 ||| FLEEEEING.
  1864 | D:2      | 1864 ||| FLEEEEING.
  1865 | D:2      | 1865 ||| FLEEEEING.
  1876 | D:2      | Reached skill level 5 in Axes
  1877 | D:2      | 1877 ||| FLEEEEING.
  1878 | D:2      | 1878 ||| FLEEEEING.
  1879 | D:2      | 1879 ||| FLEEEEING.
  1880 | D:2      | 1880 ||| FLEEEEING.
  1881 | D:2      | 1881 ||| FLEEEEING.
  1882 | D:2      | 1882 ||| STAIRDANCE
  1928 | D:1      | 1928 ||| UPGRADING to +0 scale mail.
  1938 | D:1      | 1938 ||| DROPPING +0 ring mail.
  1939 | D:1      | 1939 ||| UPGRADING to +0 kite shield.
  1944 | D:1      | 1944 ||| READING scroll labelled YCEPLI UNEU.
  1945 | D:1      | 1945 ||| READING scroll labelled FEAKIG KIATTOPP.
  1950 | D:1      | 1950 ||| READING 2 scrolls of identify.
  1950 | D:1      | 1950 ||| IDENTIFYING bubbling blue potion
  1951 | D:1      | 1951 ||| DROPPING potion of attraction.
  2187 | D:2      | Noticed Natasha
  2188 | D:2      | 2188 ||| Stepping ~*~*~tactically~*~*~ (stealth).
  2195 | D:2      | 2195 ||| Stepping ~*~*~tactically~*~*~ (stealth).
  2199 | D:2      | Reached skill level 1 in Shields
  2204 | D:2      | HP: 4/26 [Natasha (4)]
  2206 | D:2      | Slain by Natasha

Levels and vault maps discovered:
D:1:      spicycebolla_arrival_xxxplode, layout_rooms, grunt_decor_resistance,
          minmay_tripent
D:2:      cheibrodos_fertilizer, layout_loops_ring, basic_ecumenical_altar,
          uniq_natasha, uniq_jessica

Skill      XL: |  1  2  3  4 |
---------------+-------------+-----
Axes           | 3 4 5 |  5.0
Shields        | 1 |  1.2
Fighting       | |  2.0
Throwing       | |  1.0
Armour         | |  1.1
Dodging        | |  2.1
Spellcasting   | |  2.0
Translocations | |  2.4

Action                   |  1- 3 |  4- 6 || total
-------------------------+-------+-------++-------
Melee: Hand axe          |    65 |    44 ||   109
       Kick              |    18 |    16 ||    34
       Peck              |     6 |     9 ||    15
Throw: Boomerang         |     7 |       ||     7
  Use: Scroll            |     2 |     3 ||     5
Armor: Leather armour    |     8 |       ||     8
       Ring mail         |     1 |     4 ||     5
       Scale mail        |       |     1 ||     1
Dodge: Dodged            |    33 |     8 ||    41
Block: Kite shield       |       |     5 ||     5

Table legend:
 A = Non-vault XP
 B = Vault XP
 C = Vault XP percentage of total XP
 D = Non-vault monster count
 E = Vault monster count
 F = Vault count percentage of total count
                 A         B        C        D         E       F
            +---------+---------+-------+---------+---------+-------
      Total |     110 |      40 |  26.7 |      45 |       3 |   6.2
            +---------+---------+-------+---------+---------+-------
        D:1 |      41 |       3 |   6.8 |      25 |       2 |   7.4
        D:2 |      69 |      37 |  34.9 |      20 |       1 |   4.8
            +---------+---------+-------+---------+---------+-------
